 Dungeon Crawl Stone Soup version 0.23.1 (webtiles) character file.

Game seed: 1346320076501331481

3792 Borgoz the Cutter (level 9, -3/69 HPs)
             Began as a Demonspawn Necromancer on Mar 7, 2019.
             Was a Believer of Ashenzari.
             Slain by a shadow (22 damage)
             ... on level 6 of the Dungeon.
             The game lasted 00:16:30 (8617 turns).

Borgoz the Cutter (Demonspawn Necromancer)          Turns: 8617, Time: 00:16:31

Health: -3/69      AC:  8    Str: 12    XL:     9   Next: 95%
Magic:  0/22       EV: 13    Int: 16    God:    Ashenzari [**....]
Gold:   120        SH:  0    Dex: 14    Spells: 7/14 levels left

rFire    + . .     SeeInvis .   h - +1 dagger (venom)
rCold    + . .     Gourm    .   (no shield)
rNeg     . . .     Faith    .   l - +1 leather armour (curse)
rPois    .         Spirit   +   (helmet restricted)
rElec    .         Reflect  .   (no cloak)
rCorr    .         Harm     .   x - +0 pair of gloves (curse)
MR       .....                  (no boots)
Stlth    ++........             (no amulet)
HPRegen  0.21/turn              s - ring of magical power
MPRegen  0.36/turn              p - ring of protection from cold

@: heavily drained
A: horns 1, molten scales 2, fire resistance 1, magic shield, magic regeneration
a: Curse Item, Scrying, Renounce Religion


You were on level 6 of the Dungeon.
You worshipped Ashenzari.
Ashenzari was pleased with you.
You were not hungry.

You visited 2 branches of the dungeon, and saw 7 of its levels.
You also visited: Ossuary.

You collected 217 gold pieces.
You spent 97 gold pieces at shops.

Inventory:

Hand Weapons
 h - a +1 dagger of venom (weapon)
Missiles
 w - 8 tomahawks (quivered)
Armour
 l - a cursed +1 leather armour (worn)
 o - a +1 scale mail of cold resistance
 r - a +1 leather armour of cold resistance
 x - a cursed +0 pair of gloves (worn)
Jewellery
 p - a ring of protection from cold (right hand)
 s - a ring of magical power (left hand)
Wands
 t - a wand of random effects (27)
Scrolls
 a - 4 scrolls of blinking
 f - a scroll of immolation
 i - 2 scrolls of remove curse
 k - a scroll of enchant armour
 q - 3 scrolls of magic mapping
Potions
 d - 3 potions of flight
 e - a potion of might {unknown}
 g - 2 potions of lignification
 m - 3 potions of mutation
 n - a potion of heal wounds
 u - 2 potions of brilliance
Comestibles
 c - 6 rations


   Skills:
 + Level 5.7(3.0) Fighting
 * Level 7.6(4.8) Short Blades
 + Level 5.3(2.7) Armour
 + Level 5.6(3.0) Dodging
 + Level 5.7(3.1) Stealth
 - Level 3.0(0.5) Spellcasting
   Level 3.9(1.3) Hexes
 + Level 2.6(0.2) Charms
 + Level 6.3(3.6) Necromancy


You had 7 spell levels left.
You knew the following spells:

 Your Spells              Type           Power        Failure   Level  Hunger
a - Regeneration          Chrm/Necr      #.........   38%         3    ####...
b - Vampiric Draining     Necr           ##........   21%         3    ####...
c - Pain                  Necr           ##..         7%          1    ##.....

Your spell library contained the following spells:

 Spells                   Type           Power        Failure   Level  Hunger
 Animate Skeleton         Necr           N/A          7%          1    ##.....
 Animate Dead             Necr           N/A          56%         4    #####..


Dungeon Overview and Level Annotations

Branches:
Dungeon (6/15)             Temple (1/1) D:4

Altars:
Ashenzari
Cheibriados
Dithmenos
Elyvilon
Fedhas
Gozag
Makhleb
Nemelex Xobeh
Okawaru
Qazlal
Ru
Sif Muna
Trog
Uskayaw
Vehumet
Wu Jian
Xom
Zin
The Shining One

Shops:
D:6 ?


Innate Abilities, Weirdness & Mutations

You have a pair of small horns on your head.
You are mostly covered in molten scales. (AC +3)
Your flesh is heat resistant. (rF+)
When hurt, damage is shared between your health and your magic reserves.
You regenerate magic rapidly.


Message History

You hit the shadow.
The shadow is heavily damaged.
You hit the shadow.
You headbutt the shadow, but do no damage.
The shadow is severely damaged.
The shadow closely misses you.
You closely miss the shadow.
The shadow is severely damaged.
The shadow hits you!
* * * LOW HITPOINT WARNING * * *
You barely miss the shadow.
You headbutt the shadow, but do no damage.
The shadow is severely damaged.
The shadow slips into darkness.
The shadow flickers and vanishes!
Deactivating autopickup; reactivate with Ctrl-A.
You barely miss something. Your headbutt misses something.
You completely miss something.
The shadow strikes at you from the darkness!
You die...

######*,# ##.#..#.### #{#
#.###..)..#...# ####.###
#### #.........###.#
#...#... ...#
*####...#..##.# #.##.###
##.# ##.###.##.# #.##.# #.#
#.# #.##.# #.##.## #.# #.#
#.##.# #.##a.## #.# #.#
#.##.# #.##...# ##># #.#
#@##.# #.##.#.#
.#.#########.# #{##.#
#.##.#.# ....o.{.<....#
#.##.# #..{.#..
...########### #.##.#
#{####*#
........########[##.#
#....#,,
......)..........##[#
####.#,#
##.####.............# #.#.#
#o#
#######################...#
#.# #........$..###


There were no monsters in sight!

Vanquished Creatures
  2 wraiths (Ossuary)
  A black bear (D:6)
  A sky beast (D:5)
  A phantom (D:4)
  A centaur (D:6)
  A bullfrog (D:6)
  A gnoll sergeant (D:5)
  A scorpion (D:4)
  6 wights
  A howler monkey (D:5)
  3 crimson imps
  3 hounds
  A bullfrog skeleton (D:5)
  A jelly (D:6)
  2 orc priests
  2 orc wizards
  4 worker ants
  Terence (D:3)
  3 hound skeletons
  A hound zombie (D:6)
  A howler monkey zombie (D:5)
  6 adders
  11 gnolls
  A shadow imp (D:5)
  2 oozes
  2 adder skeletons
  An adder zombie (Ossuary)
  3 dart slugs
  7 leopard geckos
  12 orcs
  3 giant cockroaches
  4 goblins
  7 hobgoblins
  9 jackals
  5 quokkas
  2 ball python skeletons (Ossuary)
  9 bats
  9 frilled lizards
  A hobgoblin skeleton (Ossuary)
  3 hobgoblin zombies (Ossuary)
  4 kobolds
  2 orc skeletons (Ossuary)
  An orc zombie (Ossuary)
  3 rats (D:1)
145 creatures vanquished.

Notes
Turn   | Place    | Note
-------+----------+-------------------------------------------
     0 | D:1      | Borgoz the Demonspawn Necromancer began the quest for the
                  | Orb.
     0 | D:1      | Reached XP level 1. HP: 13/13 MP: 3/3
   510 | D:1      | Gained mutation: When hurt, damage is shared between your
                  | health and your magic reserves. [demonic ancestry]
   510 | D:1      | Reached XP level 2. HP: 15/20 MP: 5/5
  1438 | D:2      | Found a shattered altar of Ashenzari.
  1492 | D:2      | Became a worshipper of Ashenzari the Shackled
  1545 | D:2      | Found a white marble altar of Elyvilon.
  1546 | D:2      | Found a deep blue altar of Sif Muna.
  1638 | D:2      | Gained mutation: You are partially covered in molten
                  | scales. (AC +2) [demonic ancestry]
  1638 | D:2      | Reached XP level 3. HP: 22/25 MP: 4/6
  1646 | D:2      | Reached skill level 1 in Fighting
  1646 | D:2      | Reached skill level 1 in Short Blades
  2197 | D:3      | Reached skill level 1 in Armour
  2410 | D:3      | Gained mutation: You have a pair of small horns on your
                  | head. [demonic ancestry]
  2410 | D:3      | Reached XP level 4. HP: 30/32 MP: 7/7
  2506 | D:3      | Noticed Terence
  2508 | D:3      | Found a snail-covered altar of Cheibriados.
  2516 | D:3      | Killed Terence
  2779 | D:3      | Reached skill level 2 in Short Blades
  2814 | D:3      | Gained mutation: You regenerate magic rapidly. [demonic
                  | ancestry]
  2814 | D:3      | Reached XP level 5. HP: 17/37 MP: 6/8
  3356 | D:3      | Reached * piety under Ashenzari
  3708 | D:4      | Noticed a phantom
  3726 | D:4      | Reached skill level 5 in Necromancy
  3825 | D:4      | Noticed an ogre
  3887 | D:4      | Gained mutation: Your flesh is heat resistant. (rF+)
                  | [demonic ancestry]
  3887 | D:4      | Reached XP level 6. HP: 25/44 MP: 10/10
  4076 | D:3      | Learned a level 3 spell: Regeneration
  4120 | D:4      | Reached skill level 3 in Short Blades
  4154 | D:4      | Learned a level 3 spell: Vampiric Draining
  4531 | D:4      | Found a staircase to the Ecumenical Temple.
  4558 | Temple   | Entered the Ecumenical Temple
  4680 | D:5      | Entered Level 5 of the Dungeon
  4696 | D:5      | Reached XP level 7. HP: 37/51 MP: 8/11
  4778 | D:5      | HP: 1/51 [gnoll sergeant/+0 spear (7)]
  5258 | D:5      | Reached skill level 1 in Charms
  5755 | D:5      | Found a burning altar of Makhleb.
  5936 | D:5      | Reached skill level 4 in Short Blades
  6481 | D:6      | Found Ateh's Magic Scroll Shop.
  6484 | D:6      | Bought a scroll of blinking for 97 gold pieces
  6547 | D:6      | Reached XP level 8. HP: 53/58 MP: 12/12
  6565 | D:6      | Reached ** piety under Ashenzari
  6571 | D:6      | Found a sand-covered staircase.
  6576 | Ossuary  | Entered an ossuary
  6883 | Ossuary  | Noticed a flying skull
  6894 | Ossuary  | Noticed a flying skull
  6914 | Ossuary  | Noticed a flying skull
  6916 | Ossuary  | Noticed a flying skull
  7316 | D:6      | Found a shadowy altar of Dithmenos.
  7364 | D:6      | Reached skill level 5 in Short Blades
  8578 | D:6      | Reached skill level 5 in Fighting
  8578 | D:6      | Reached skill level 7 in Short Blades
  8578 | D:6      | Reached skill level 5 in Armour
  8578 | D:6      | Reached skill level 5 in Dodging
  8578 | D:6      | Reached skill level 5 in Stealth
  8578 | D:6      | Gained mutation: You are mostly covered in molten scales.
                  | (AC +3) [demonic ancestry]
  8578 | D:6      | Reached XP level 9. HP: 64/69 MP: 13/13
  8617 | D:6      | Slain by a shadow

Skill      XL: |  1  2  3  4  5  6  7  8 |
---------------+-------------------------+-----
Dodging        | 2 3 5 |  5.6
Fighting       | 1 2 3 5 |  5.7
Short Blades   | 1 2 3 4 7 |  7.6
Armour         | 1 2 5 |  5.3
Necromancy     | 5 6 |  6.3
Spellcasting   | 3 |  3.0
Stealth        | 2 5 |  5.7
Charms         | 1 2 |  2.6
Hexes          | 3 |  3.9

Action                   |  1- 3 |  4- 6 |  7- 9 || total
-------------------------+-------+-------+-------++-------
Melee: Short sword       |   137 |       |       ||   137
       Unarmed           |    15 |       |       ||    15
       Dagger            |    24 |   224 |   481 ||   729
       Headbutt          |       |    36 |   101 ||   137
 Cast: Pain              |    12 |       |       ||    12
       Regeneration      |       |     1 |     1 ||     2
Invok: Curse Item        |       |       |     1 ||     1
  Use: Scroll            |     7 |     6 |    10 ||    23
       Potion            |       |       |     5 ||     5
 Stab: Sleeping          |     2 |     1 |    10 ||    13
       Distracted        |       |     1 |       ||     1
  Eat: Chunk             |     4 |     8 |     8 ||    20
       Ration            |       |       |     2 ||     2
Armor: Robe              |    24 |       |       ||    24
       Leather armour    |    33 |    60 |    91 ||   184
Dodge: Dodged            |   158 |   123 |   274 ||   555
